 Dungeon Crawl Stone Soup version 0.20-a0-259-gc929cd2 (webtiles) character file.

2587 uglyjohn the Arsonist (level 9, -9/45 HPs)
             Began as a Deep Elf Fire Elementalist on Dec 2, 2016.
             Mangled by an orc warrior
             ... wielding a +0 flail
              (15 damage)
             ... on level 6 of the Dungeon.
             The game lasted 00:22:51 (7055 turns).

uglyjohn the Arsonist (Deep Elf Fire Elementalist)  Turns: 7055, Time: 00:22:52

Health: -9/45      AC:  7    Str:  5    XL:     9   Next: 32%
Magic:  19/24      EV: 13    Int: 24    God:
Gold:   273        SH:  0    Dex: 15    Spells: 17/27 levels left

rFire  . . .     SeeInvis .     v - +1 whip (elec)
rCold  + . .     Gourm    .     f - +2 robe {rC+}
rNeg   . . .     Faith    .     (no shield)
rPois  +         Spirit   .     e - +2 hat
rElec  .         Reflect  .     (no cloak)
rCorr  .         Harm     .     (no gloves)
MR     .....                    i - +0 pair of boots
Stlth  ++........               (no amulet)
                                (no ring)
                                g - ring of poison resistance

@: no status effects
A: no striking features
a: no special abilities


You were on level 6 of the Dungeon.
You were not hungry.

You visited 1 branch of the dungeon, and saw 6 of its levels.
You also visited: Sewer.

You collected 273 gold pieces.

Inventory:

Hand Weapons
 n - a +1 rapier
 v - a +1 whip of electrocution (weapon)
 B - a +1 dagger of flaming
Armour
 a - a +1 robe
 e - a +2 hat (worn)
 f - a +2 robe of cold resistance (worn)
 i - a +0 pair of boots (worn)
Jewellery
 g - a ring of poison resistance (left hand)
Wands
 x - a wand of acid (0/15)
Scrolls
 h - 2 scrolls of enchant armour
 j - 2 scrolls of fear {unknown}
 l - 2 scrolls of enchant weapon
 s - 4 scrolls of amnesia
 w - 5 scrolls of remove curse
 y - a scroll of random uselessness
 C - a scroll of blinking {unknown}
 F - 2 scrolls of identify
 H - a scroll of teleportation {unknown}
 I - a scroll of recharging
Potions
 k - 3 potions of magic {unknown}
 m - 2 potions of agility
 o - 2 potions of curing
 p - 3 potions of heal wounds {unknown}
 q - a potion of degeneration {unknown}
 r - 2 potions of ambrosia {unknown}
 t - 2 potions of brilliance {unknown}
 u - a potion of berserk rage {unknown}
 E - a potion of might {unknown}
Books
 b - a book of Flames

   Spells                             Type                      Level
   a - Flame Tongue                   Conjuration/Fire             1
   b - Throw Flame                    Conjuration/Fire             2
   c - Conjure Flame                  Conjuration/Fire             3
   d - Inner Flame                    Hexes/Fire                   3
   e - Sticky Flame                   Conjuration/Fire             4
   f - Fireball                       Conjuration/Fire             5
 G - a book of Necromancy

   Spells                             Type                      Level
   a - Pain                           Necromancy                   1
   b - Animate Skeleton               Necromancy                   1
   c - Vampiric Draining              Necromancy                   3
   d - Regeneration                   Charms/Necromancy            3
   e - Animate Dead                   Necromancy                   4
   f - Control Undead                 Necromancy                   4
Comestibles
 c - 4 bread rations
 d - 4 meat rations
 z - a slice of pizza
 A - a royal jelly
 D - 6 fruits


   Skills:
 - Level 2.4 Dodging
 - Level 2.4 Stealth
 + Level 9.8 Spellcasting
 - Level 5.6 Conjurations
 + Level 10.5 Fire Magic


You had 17 spell levels left.
You knew the following spells:

 Your Spells              Type           Power        Failure   Level  Hunger
a - Flame Tongue          Conj/Fire      #####        1%          1    None
b - Throw Flame           Conj/Fire      ######       1%          2    None
c - Conjure Flame         Conj/Fire      ######..     1%          3    None
d - Sticky Flame          Conj/Fire      ######..     1%          4    #......


Dungeon Overview and Level Annotations

Branches:
Dungeon (6/15)
 Temple: D:4-7

Altars:
Ashenzari
Dithmenos
Elyvilon
Fedhas
Nemelex Xobeh
Qazlal
Ru
Trog


Message History

The crimson imp closely misses you.
You barely miss the crimson imp.
The crimson imp is lightly wounded.
The crimson imp hits you but does no damage.
You barely miss the crimson imp.
The crimson imp hits you but does no damage.
You closely miss the crimson imp.
The crimson imp hits you but does no damage.
You hit the crimson imp.
The crimson imp is lightly wounded.
The crimson imp closely misses you.
You hit the crimson imp.
There is a sudden explosion of sparks!
You kill the crimson imp!
The orc priest invokes the aid of Beogh against you.
Beogh smites you!
* * * LOW HITPOINT WARNING * * *
As you read the scroll labeled WOHAFON GUECH, it crumbles to dust.
You hear a crunching sound.
It was a scroll of random uselessness.
The orc warrior hits you with a flail!
You die...

#######.##....###.######.#
#.##....'...#...##.#
#.##....######..##.# #####
#.##....'.....[..#.# ....#
#.##....########.#.# ....#
#................#.# .....
##########.......#.# .....
#.##.####.## ...#.
#@##.(.....# .#.#
#o########## ..... #o#
#..#. #.# .# #o# .# #.#
#.# #.# #.#


You could see an orc warrior, an orc priest and an orc.

Vanquished Creatures
  The ghost of norplu the Transmogrifier, a novice MfTm (D:5)
  Sigmund (D:2)
  Eustachio (D:4)
  A sky beast (D:6)
  2 orc warriors (D:6)
  The ghost of Au the Sneak, an amateur NaAs of Okawaru (D:3)
  An ogre (D:4)
  3 big kobolds (Sewer)
  A bullfrog (D:6)
  A gnoll sergeant (D:6)
  3 scorpions
  3 crimson imps
  A centaur skeleton (D:4)
  A hound (D:6)
  A bullfrog skeleton (D:5)
  4 orc priests
  7 orc wizards
  4 worker ants (D:4)
  A hound zombie (D:6)
  3 hound skeletons
  A worker ant zombie (D:5)
  5 gnolls (D:6)
  10 adders
  2 river rats
  A shadow imp (D:5)
  3 oozes (Sewer)
  8 worms
  A dart slug (D:3)
  4 leopard geckos
  21 orcs
  7 bats
  6 giant cockroaches
  5 goblins
  5 hobgoblins
  4 jackals
  12 kobolds
  2 quokkas
  4 ball pythons (Sewer)
  3 frilled lizards
  2 quokka skeletons (D:4)
  14 rats
161 creatures vanquished.

Notes
Turn   | Place    | Note
-------+----------+-------------------------------------------
     0 | D:1      | uglyjohn the Deep Elf Fire Elementalist began the quest for the Orb.
     0 | D:1      | Reached XP level 1. HP: 10/10 MP: 6/6
   192 | D:1      | Reached XP level 2. HP: 7/15 MP: 0/8
   774 | D:1      | Reached skill level 4 in Fire Magic
   798 | D:1      | Learned a level 2 spell: Throw Flame
   880 | D:1      | Reached XP level 3. HP: 19/19 MP: 0/9
  1027 | D:2      | Noticed Sigmund
  1066 | D:2      | Killed Sigmund
  1066 | D:2      | Reached skill level 5 in Fire Magic
  1066 | D:2      | Reached XP level 4. HP: 13/24 MP: 0/10
  1066 | D:2      | Reached XP level 5. HP: 15/28 MP: 0/11
  1406 | D:2      | Found a white marble altar of Elyvilon.
  2061 | D:2      | Learned a level 3 spell: Conjure Flame
  2106 | D:3      | Found a shadowy altar of Dithmenos.
  2306 | D:3      | Found a glowing drain.
  2346 | Sewer    | Entered a sewer
  2517 | Sewer    | Reached XP level 6. HP: 32/32 MP: 9/12
  2732 | Sewer    | Reached skill level 5 in Conjurations
  2732 | Sewer    | Reached skill level 6 in Fire Magic
  3061 | Sewer    | Reached XP level 7. HP: 36/36 MP: 8/13
  3102 | Sewer    | Learned a level 4 spell: Sticky Flame
  3153 | D:3      | Noticed Au's ghost (amateur NaAs)
  3162 | D:3      | Killed Au's ghost
  3162 | D:3      | Reached skill level 7 in Fire Magic
  3502 | D:3      | Found a stormy altar of Qazlal.
  3867 | D:3      | Found a bloodstained altar of Trog.
  4006 | D:4      | Reached skill level 5 in Spellcasting
  4169 | D:4      | Found a sparkling altar of Nemelex Xobeh.
  4293 | D:4      | Reached skill level 8 in Fire Magic
  4359 | D:4      | Reached XP level 8. HP: 41/41 MP: 6/18
  4668 | D:4      | Found a blossoming altar of Fedhas.
  4786 | D:4      | Noticed Eustachio
  4792 | D:4      | Killed Eustachio
  5193 | D:5      | Entered Level 5 of the Dungeon
  5193 | D:5      | Found a sacrificial altar of Ru.
  5309 | D:5      | Found a shattered altar of Ashenzari.
  5333 | D:5      | Noticed norplu's ghost (novice MfTm)
  5339 | D:5      | Reached skill level 9 in Fire Magic
  5586 | D:5      | Killed norplu's ghost
  5800 | D:6      | Reached XP level 9. HP: 45/45 MP: 10/24
  5975 | D:6      | Reached skill level 10 in Fire Magic
  7055 | D:6      | Mangled by an orc warrior

Vault maps used:
D:1:      wheals_arrival_linesprint, hangedman_decor_push, serial_bayou_pond_e
D:2:      kennysheep_six_static_rooms, overflow_temple_1_default, uniq_sigmund
D:3:      lemuel_crystal_altar, nicolae_overflow_crystal_walls,
          grunt_dithmenos_smoke, portal_sewer_entry_a, first_bread,
          minivault_24, kennysheep_generic_room_8
D:4:      fedhas_altar_fruit_tree, nemelex_altar_shiori, minmay_misc_feat_cross,
          solitary_fountain, uniq_eustachio
D:5:      basic_altar, ashenzari_altar_1
Sewer:    sewer_co_tree

Skill      XL: |  1  2  3  4  5  6  7  8  9 |
---------------+----------------------------+-----
Conjurations   | 2 4 5 |  5.6
Fire Magic     | 4 5 6 8 9 10 | 10.5
Spellcasting   | 5 9 |  9.8
Dodging        | |  2.4
Stealth        | |  2.4

Action                   |  1- 3 |  4- 6 |  7- 9 || total
-------------------------+-------+-------+-------++-------
Melee: Unarmed           |     1 |       |       ||     1
       Rapier            |       |    14 |    38 ||    52
       Whip              |       |       |     8 ||     8
 Cast: Flame Tongue      |    52 |    86 |   209 ||   347
       Throw Flame       |     3 |     6 |    20 ||    29
       Sticky Flame      |       |       |     3 ||     3
       Conjure Flame     |       |       |     5 ||     5
Evoke: Wand              |       |       |     4 ||     4
  Use: Scroll            |     6 |     2 |     2 ||    10
       Potion            |     3 |       |       ||     3
  Eat: Chunk             |       |     7 |    11 ||    18
       Beef jerky        |       |       |     1 ||     1
Armor: Robe              |     4 |    17 |    37 ||    58
       Skin              |    10 |       |       ||    10
Dodge: Dodged            |    13 |    35 |    53 ||   101
